Description

INNOVATION VS SHOWTIME

Replay - INnoVation v ShoWTimE: Game 1 - Deathaura LE

Build Order

Get SALT Encoding   

  12  0:00  SCV  
  13  0:12  SCV  
  14  0:17  Supply Depot  
  14  0:24  SCV  
  15  0:38  SCV  
  15  0:39  Barracks  
  16  0:43  Refinery  
  16  0:50  SCV  
  17  1:03  SCV  
  18  1:15  SCV  
  19  1:27  Orbital Command  
  19  1:28  Reaper  
  20  1:41  Command Center  
  20  1:48  Supply Depot  
  20  1:53  SCV  
  21  1:59  Marine  
  22  2:05  SCV  
  22  2:08  Factory  
  23  2:14  Bunker  
  23  2:17  SCV  
  23  2:21  Barracks Reactor  
  24  2:26  Refinery  
  26  2:53  Orbital Command  
  26  2:55  Starport  
  27  2:59  Marine x2  
  27  3:00  Widow Mine  
  32  3:17  Marine x2  
  36  3:22  Widow Mine  
  38  3:31  Supply Depot  
  38  3:32  Medivac  
  42  3:34  Barracks  
  42  3:36  Marine x2  
  44  3:44  Widow Mine  
  46  3:54  Marine x2  
  46  3:55  Supply Depot  
  50  4:03  Barracks  
  50  4:05  Factory Tech Lab  
  50  4:06  Starport Tech Lab  
  52  4:12  Engineering Bay  
  52  4:13  Marine, Refinery  
  56  4:31  Supply Depot  
  56  4:32  Stimpack  
  58  4:38  Terran Infantry Weapons Level 1  
  58  4:39  Starport Reactor  
  58  4:40  Factory Reactor  
  61  4:59  Combat Shield  
  65  5:00  Marauder x2  
  69  5:09  Refinery  
  70  5:17  Medivac x2  
  75  5:25  Marauder x2  
  75  5:28  Widow Mine x2  
  79  5:46  Marauder x2  
  79  5:48  Medivac  
  87  5:55  Medivac  
  90  5:59  Widow Mine x2  
  94  6:08  Marauder x2  
  100  6:12  Concussive Shells  
  100  6:18  Command Center  
  100  6:29  Marauder x2  
  106  6:33  Terran Infantry Armor Level 1  
  106  6:42  Barracks x2  
  106  6:44  Medivac x2  
  112  6:55  Widow Mine x2  
  119  7:25  Medivac x2  
  133  7:30  Widow Mine  
  133  7:36  Orbital Command  
  119  7:38  Barracks Tech Lab, Barracks Reactor  
  127  7:55  Viking x2  
  134  8:07  Armory  
  134  8:08  Engineering Bay  
  72  8:27  Viking x2  
  153  8:34  Refinery x2  
  166  9:03  Terran Infantry Armor Level 2, Terran Infantry Weapons Level 2  
  166  9:06  Ghost Academy  
  152  9:36  Ghost x3, Viking x2  
  166  9:49  Enhanced Shockwaves  
  166  9:59  Command Center  
Spawning Tool Build Advisor. Get it on Overwolf

Go to:

Details

  • Created by: Ciel
  • Published on: Nov 21, 2022
  • Modified on: Nov 21, 2022
  • Patch: 4.11.0
  • Difficulty: Easy
Show
View Real Time Build Order
Export as new Build Order

Comments (0)

There are no comments. Be the first!

Create an account to comment!